Map: Amygdala

Players

映海浮雪

  • Race: Protoss Protoss
  • League: Master
  • Spawn Location: 1:00

猫咪 - Winner!

  • Race: Terran Terran
  • League: Grandmaster
  • Spawn Location: 7:00

VOD

Have the link to the VOD?

Description

Time

  • Played on: Feb. 8, 2025, 2:33 a.m.
  • Length: 14:21
Show
View Real Time Build Order
Export as new Build Order

映海浮雪 Protoss 

Build Orders: 1 Gate Expand, Colossus Rush 

Get SALT Encoding   

  12  0:00  Probe  
  13  0:13  Probe  
  14  0:18  Pylon  
  14  0:24  Probe  
  15  0:32  Probe  
  15  0:37  Gateway  
  15  0:40  Probe  
  16  0:45  Assimilator  
  17  0:51  Probe  
  18  1:03  Probe  
  19  1:22  Nexus  
  19  1:27  Cybernetics Core  
  19  1:30  Probe  
  20  1:38  Assimilator  
  20  1:44  Probe  
  20  1:45  Pylon  
  21  1:52  Probe  
  21  1:56  Stalker  
  21  2:00  Probe  
  22  2:08  Warp Gate  
  25  2:11  Probe  
  26  2:24  Probe  
  26  2:26  Sentry  
  29  2:35  Probe  
  30  2:38  Probe  
  31  2:48  Probe  
  32  2:54  Probe  
  32  2:55  Twilight Council  
  33  3:00  Probe  
  33  3:03  Gateway  
  34  3:06  Stalker  
  34  3:07  Probe  
  34  3:08  Probe  
  38  3:18  Probe  
  38  3:19  Probe  
  39  3:24  Charge  
  39  3:31  Probe  
  39  3:32  Probe  
  41  3:39  Pylon  
  41  3:41  Nexus  
  41  3:43  Probe  
  41  3:44  Probe  
  43  3:49  Assimilator  
  43  3:50  Robotics Facility  
  43  3:55  Probe  
  44  3:57  Probe  
  45  4:07  Probe  
  45  4:09  Probe  
  47  4:13  Stalker x2  
  51  4:19  Probe  
  51  4:21  Probe  
  53  4:26  Gateway x2  
  53  4:29  Pylon  
  53  4:31  Probe  
  54  4:39  Pylon  
  54  4:47  Observer, Probe  
  54  4:48  Robotics Bay  
  56  4:53  Forge, Probe  
  56  4:59  Shield Battery  
  57  5:01  Shield Battery  
  57  5:03  Gateway  
  57  5:06  Gateway  
  57  5:07  Probe  
  57  5:09  Probe x2  
  60  5:16  Stalker  
  60  5:19  Probe  
  60  5:21  Probe  
  64  5:25  Zealot x2, Protoss Ground Weapons Level 1  
  64  5:27  Probe  
  68  5:31  Probe  
  68  5:34  Probe  
  68  5:35  Extended Thermal Lance  
  70  5:39  Colossus, Probe  
  70  5:41  Pylon  
  70  5:42  Gateway  
  77  5:51  Probe  
  77  5:52  Probe  
  77  5:55  Probe  
  80  6:03  Gateway  
  80  6:07  Zealot x2  
  84  6:11  Probe x2  
  84  6:15  Probe  
  84  6:17  Pylon  
  86  6:23  Probe, Colossus, Nexus  
  87  6:29  Zealot x3  
  87  6:32  Pylon  
  99  6:44  Stalker  
  101  6:47  Pylon  
  101  6:50  Pylon  
  101  6:51  Pylon  
  101  6:55  Pylon  
  101  7:05  Zealot x2  
  101  7:06  Zealot  
  101  7:07  Sentry x2  
  109  7:09  Probe  
  109  7:13  Colossus, Probe  
  109  7:14  Stalker  
  109  7:15  Zealot x2  
  123  7:25  Probe  
  124  7:33  Probe  
  124  7:34  Stalker x2, Zealot x3  
  133  7:40  Robotics Facility, Assimilator  
  133  7:41  Assimilator  
  133  7:44  Pylon  
  133  7:49  Nexus  
  133  7:50  Pylon  
  131  7:56  Zealot x2  
  131  7:57  Zealot x5  
  115  8:13  Blink  
  115  8:17  Colossus  
  111  8:20  Zealot x4  
  111  8:21  Zealot x4  
  111  8:25  Probe  
  101  8:41  Zealot x3  
  101  8:42  Zealot x3  
  101  8:43  Warp Prism  
  101  8:46  Pylon  
  115  8:49  Sentry x2, Pylon  
  115  8:50  Probe  
  118  9:08  Protoss Ground Weapons Level 2  
  104  9:13  Zealot x4  
  104  9:14  Colossus, Zealot x4  
  118  9:22  Colossus  
  103  9:47  Zealot x5  
  103  9:48  Zealot x3  
  119  10:06  Colossus  
  101  10:08  Colossus  
  101  10:11  Zealot x7  
  112  10:16  Stalker  
  112  10:17  Pylon  
  126  10:33  Stalker x3  
  126  10:34  Stalker x3  
  138  10:37  Sentry  
  140  10:44  Stalker  
  140  10:47  Probe  
  95  11:08  Stalker x4  
  95  11:09  Stalker, Zealot x3  
  92  11:31  Disruptor x2  
  92  11:36  Stalker x2  
  92  11:37  Stalker x3  
  98  11:48  Zealot  
  98  11:49  Zealot x2  
  104  12:05  Nexus  
  104  12:07  Pylon  
  98  12:09  Disruptor x2  
  98  12:12  Stalker x2  
  98  12:14  Zealot x4  
  118  12:24  Probe  
  118  12:29  Stalker  
  121  12:30  Stalker  
  121  12:33  Probe  
  110  12:46  Zealot x3  
  110  12:47  Stalker x2  
  116  13:00  Disruptor  
  116  13:03  Probe  
  121  13:10  Nexus  
  119  13:19  Probe  
  110  13:25  Stalker x3, Disruptor  
  106  13:29  Disruptor  
  86  13:36  Stalker  
  96  13:46  Stalker  
  96  13:47  Stalker  
  98  13:48  Stalker  
  98  13:49  Stalker  
  98  13:51  Probe  
  94  14:08  Stalker x3  
Show
View Real Time Build Order
Export as new Build Order

猫咪 Terran - Winner!

Build Orders: Reaper Expand 

Get SALT Encoding   

  12  0:00  SCV  
  13  0:12  SCV  
  14  0:17  Supply Depot  
  14  0:24  SCV  
  15  0:38  SCV  
  15  0:40  Barracks  
  16  0:44  Refinery  
  16  0:50  SCV  
  17  1:02  SCV  
  18  1:15  SCV  
  19  1:27  Orbital Command, Reaper  
  20  1:39  Command Center  
  20  1:47  Supply Depot  
  20  1:53  SCV  
  21  1:59  Marine  
  22  2:05  SCV  
  23  2:08  Factory  
  23  2:16  Bunker  
  23  2:17  SCV  
  23  2:21  Refinery  
  24  2:23  Barracks Reactor  
  25  2:30  SCV  
  25  2:42  SCV  
  26  2:52  Orbital Command  
  26  2:54  SCV, Starport  
  26  2:58  Widow Mine  
  29  3:01  Marine x2  
  31  3:06  SCV  
  31  3:12  Supply Depot  
  32  3:18  SCV  
  32  3:19  Widow Mine  
  35  3:23  SCV  
  35  3:27  Marine x2  
  35  3:30  SCV  
  35  3:31  Medivac  
  40  3:36  SCV  
  40  3:38  Barracks  
  41  3:42  Factory Tech Lab, SCV  
  41  3:45  Marine  
  41  3:46  Marine  
  41  3:48  SCV  
  45  3:53  Supply Depot  
  45  3:54  SCV  
  46  4:00  SCV  
  47  4:06  SCV  
  48  4:10  Factory Tech Lab, Raven  
  48  4:12  Marine x2, SCV  
  48  4:15  Barracks  
  48  4:16  Supply Depot  
  53  4:20  SCV  
  53  4:23  Engineering Bay  
  54  4:25  Refinery  
  54  4:30  SCV  
  55  4:33  Marine  
  55  4:34  Marine  
  55  4:38  Stimpack  
  57  4:39  Marauder  
  57  4:42  SCV  
  57  4:44  SCV  
  57  4:45  Refinery  
  61  4:50  Terran Infantry Weapons Level 1  
  61  4:53  Marine, Supply Depot  
  61  4:54  Marine, SCV  
  61  4:55  Starport Reactor  
  61  4:56  Factory Reactor  
  61  4:57  SCV  
  65  5:02  Supply Depot  
  65  5:06  Marauder, SCV  
  68  5:09  SCV  
  68  5:10  Supply Depot  
  68  5:11  Combat Shield  
  68  5:12  Marine  
  70  5:15  Marine  
  70  5:17  Marauder  
  73  5:28  Marauder  
  75  5:30  Marine  
  75  5:32  Marine, Supply Depot  
  75  5:33  SCV  
  75  5:35  Medivac  
  80  5:36  Medivac  
  80  5:39  Marauder  
  80  5:40  Widow Mine  
  80  5:42  Widow Mine  
  88  5:47  SCV  
  88  5:48  Supply Depot  
  88  5:49  Marauder  
  91  5:58  Marine x2  
  91  6:01  Widow Mine  
  91  6:03  Widow Mine  
  97  6:05  Medivac  
  97  6:06  Medivac  
  97  6:08  Supply Depot  
  101  6:17  Marine  
  102  6:21  Marauder  
  102  6:23  Widow Mine  
  102  6:24  Command Center  
  102  6:25  Marine  
  107  6:27  Marauder  
  107  6:30  Widow Mine  
  107  6:31  Supply Depot  
  107  6:32  SCV  
  112  6:34  SCV  
  112  6:36  Marine  
  114  6:43  Medivac x2  
  118  6:50  Terran Infantry Armor Level 1  
  118  6:53  SCV x2  
  120  6:59  Barracks  
  120  7:00  Barracks  
  120  7:05  SCV x2  
  120  7:06  Marauder  
  120  7:08  Marine x2  
  126  7:18  Supply Depot  
  126  7:19  SCV x2  
  126  7:20  Marauder  
  126  7:22  Viking  
  130  7:31  SCV x2  
  130  7:33  Marauder  
  130  7:34  Viking  
  134  7:41  Ghost Academy  
  134  7:43  SCV  
  134  7:44  Orbital Command, SCV  
  136  7:47  Barracks Tech Lab  
  136  7:48  Barracks Reactor  
  133  7:54  Marauder, Viking  
  129  8:02  Marauder  
  129  8:04  Viking  
  132  8:12  Marauder  
  125  8:15  Marauder  
  123  8:20  SCV  
  123  8:23  Marauder  
  123  8:24  Viking  
  128  8:33  Marine, Marauder  
  128  8:34  Marine x2, Viking  
  124  8:36  Ghost  
  122  8:44  Ghost  
  122  8:45  Command Center  
  122  8:46  Marine  
  126  8:52  SCV, Refinery x2  
  126  8:55  Marine x2, Marauder  
  131  9:01  Armory  
  131  9:02  Engineering Bay  
  129  9:04  Viking  
  129  9:05  Marauder  
  126  9:12  Marine x2  
  126  9:13  Marauder  
  126  9:14  SCV  
  126  9:16  Marauder, Viking  
  133  9:20  SCV x2  
  133  9:23  Marine  
  133  9:24  Marine  
  137  9:26  SCV  
  137  9:27  Marauder  
  137  9:28  Supply Depot  
  137  9:30  Marine  
  141  9:32  SCV, Supply Depot  
  141  9:33  SCV  
  141  9:35  Marauder  
  141  9:38  Marauder, Viking  
  143  9:40  Marine  
  143  9:42  Marine  
  143  9:44  Marine  
  138  9:48  Marine, Marauder  
  138  9:51  Terran Infantry Weapons Level 2  
  141  9:55  Terran Infantry Armor Level 2  
  141  9:56  Marauder  
  141  9:59  Marauder  
  142  10:00  Viking  
  142  10:01  Marine  
  135  10:09  Marauder  
  135  10:12  Viking  
  139  10:17  Marauder  
  139  10:20  Marauder  
  143  10:22  Barracks  
  143  10:23  Barracks  
  143  10:26  Barracks  
  143  10:27  Marine x2  
  143  10:28  Marine x2  
  146  10:30  Viking  
  146  10:31  Marauder  
  146  10:34  SCV  
  152  10:37  SCV  
  152  10:38  Marine  
  152  10:41  Marine  
  152  10:42  Viking  
  157  10:45  Concussive Shells  
  157  10:48  SCV  
  157  10:49  SCV  
  159  10:51  Ghost  
  159  10:57  Marauder  
  159  10:59  Marauder  
  159  11:00  Viking  
  159  11:03  Marine x3  
  146  11:10  Barracks Tech Lab  
  139  11:12  Barracks Tech Lab  
  139  11:14  Barracks Tech Lab  
  139  11:17  Ghost  
  136  11:19  Medivac  
  136  11:20  Marine, Ghost  
  136  11:21  Marine, Marauder  
  136  11:22  Planetary Fortress  
  145  11:27  Terran Ship Weapons Level 1  
  145  11:34  Starport, Fusion Core, Medivac  
  145  11:37  Marauder  
  145  11:39  Marauder  
  151  11:41  Marine x2  
  151  11:42  Marauder  
  151  11:44  Marauder  
  151  11:47  Marauder  
  159  11:49  Ghost, Medivac  
  159  11:52  Sensor Tower  
  164  12:01  Marauder  
  166  12:04  Medivac  
  166  12:06  Marauder  
  166  12:07  Marauder  
  172  12:09  Marauder  
  172  12:13  Command Center  
  172  12:14  Marauder, Supply Depot  
  172  12:15  Marine x2  
  178  12:19  Medivac  
  178  12:20  Viking  
  178  12:21  Viking  
  180  12:28  Marine  
  180  12:29  Marauder x2  
  171  12:30  Marine  
  171  12:33  Viking  
  165  12:38  Marauder  
  161  12:44  Marauder  
  161  12:45  Marauder  
  161  12:46  Marauder  
  161  12:50  Marauder  
  165  12:55  Marauder  
  163  13:00  Marauder  
  163  13:04  Viking  
  165  13:07  Marauder  
  165  13:12  Marauder  
  165  13:15  Marauder  
  165  13:17  Marauder x2  
  159  13:21  Marauder  
  154  13:28  Marine x2  
  154  13:29  Marauder  
  154  13:32  Marine  
  154  13:33  Marauder  
  148  13:36  Marauder  
  148  13:38  Marauder  
  148  13:39  Marauder  
  148  13:40  Orbital Command  
  154  13:43  Marauder  
  154  13:47  Marine x2  
  158  13:49  Viking  
  158  13:50  Marauder  
  158  13:55  Marauder  
  157  13:58  Marauder  
  157  13:59  Marauder  
Tags
 
Add a new tag
Caveats
  • Supply blocks, unpowered buildings, or Contaminate may cause inaccurate times.
  • Supply counts are checked every 10 seconds.